 Dungeon Crawl Stone Soup version 0.24-a0-417-g1cce26a4d2 (webtiles) character file.

Game seed: 6469683778275399716

35 LabCoat the Skirmisher (level 3, 0/33 HPs)
             Began as a Hill Orc Fighter on June 10, 2019.
             Succumbed to Terence's poison
             ... on level 3 of the Dungeon.
             The game lasted 00:05:46 (943 turns).

LabCoat the Skirmisher (Hill Orc Fighter)            Turns: 943, Time: 00:05:47

Health: 0/33       AC:  9    Str: 18    XL:     3   Next: 33%
Magic:  3/3        EV:  7    Int:  8    God:
Gold:   79         SH:  9    Dex: 11    Spells: 2/2 levels left

rFire    . . .     SeeInvis .   a - +0 war axe
rCold    . . .     Gourm    .   c - +0 shield
rNeg     . . .     Faith    .   b - +0 scale mail
rPois    .         Spirit   .   (no helmet)
rElec    .         Reflect  .   (no cloak)
rCorr    .         Harm     .   e - +1 pair of gloves
MR       .....                  (no boots)
Stlth    ..........             (no amulet)
HPRegen  0.11/turn              (no ring)
MPRegen  0.08/turn              (no ring)

@: lethally poisoned (0 -> -29)
A: no striking features
a: no special abilities


You were on level 3 of the Dungeon.
You were not hungry.

You visited 1 branch of the dungeon, and saw 3 of its levels.

You collected 79 gold pieces.

Inventory:

Hand Weapons
 a - a +0 war axe (weapon)
Missiles
 m - 6 boomerangs (quivered)
Armour
 b - a +0 scale mail (worn)
 c - a +0 shield (worn)
 e - a +1 pair of gloves (worn)
Scrolls
 k - a scroll of remove curse
Potions
 d - a potion of might
 h - a potion of cancellation {unknown}
 i - 2 potions of heal wounds {unknown}
 j - a potion of haste
 l - a potion of brilliance {unknown}
Comestibles
 f - 4 rations
 g - 2 chunks of flesh


   Skills:
 + Level 3.9 Fighting
 + Level 3.4 Axes
 + Level 3.5 Armour
 + Level 0.1 Dodging
 + Level 3.9 Shields


You had 2 spell levels left.
You didn't know any spells.
Your spell library was empty.

Dungeon Overview and Level Annotations

Branches:
Dungeon (3/15)

Altars:

Annotations:
D:3 Terence


Message History

Terence barely misses you.
You hit Terence.
Terence is severely wounded.
* * * LOW HITPOINT WARNING * * *
You feel sick. Terence hits you but does no damage. x2
* * * LOW HITPOINT WARNING * * *
You feel sick.
A kobold comes into view.
* * * LOW HITPOINT WARNING * * *
You feel sick.
The kobold shouts!
Terence barely misses you.
There is a stone staircase leading down here.
* * * LOW HITPOINT WARNING * * *
You feel sick.
Terence hits you with a +0 flail of venom.
* * * LOW HITPOINT WARNING * * *
You are more poisoned.
You climb downwards.
You die...

#
#####.#
#..@@.#
#.....#
#.###.#
#. .# #
#


You could see Terence.

Vanquished Creatures
  A dart slug (D:1)
  A leopard gecko (D:1)
  A giant cockroach (D:1)
  5 goblins (D:1)
  4 hobgoblins (D:1)
  3 jackals (D:1)
  2 bats (D:1)
  6 frilled lizards (D:1)
  4 kobolds (D:1)
  2 rats (D:1)
29 creatures vanquished.

Notes
Turn   | Place    | Note
-------+----------+-------------------------------------------
     0 | D:1      | LabCoat the Hill Orc Fighter began the quest for the Orb.
     0 | D:1      | Reached XP level 1. HP: 19/19 MP: 1/1
    43 | D:1      | Reached XP level 2. HP: 26/27 MP: 2/2
   394 | D:1      | Reached XP level 3. HP: 27/33 MP: 3/3
   923 | D:2      | Noticed Terence
   943 | D:3      | Succumbed to Terence's poison

Levels and vault maps discovered:
D:1:      psy_arrival_terrarium, layout_loops_ring, st_stairs_14,
          chequers_avenue, minmay_misc_feat_enclosed
D:2:      layout_loops_ring, kennysheep_slug_shrine,
          lemuel_coloured_pillars_altar, uniq_terence
D:3:      layout_basic, dancing_weapons_uskayaw, first_ration,
          minmay_increasing_density, uniq_crazy_yiuf_cottage, uniq_natasha

Skill      XL: |  1  2 |
---------------+-------+-----
Axes           | 3 |  3.4
Fighting       | |  3.9
Armour         | |  3.5
Dodging        | |  0.1
Shields        | |  3.9

Action                   || total
-------------------------++-------
Melee: War axe           ||   108
  Use: Scroll            ||     2
Armor: Scale mail        ||    38
Dodge: Dodged            ||    36
Block: Shield            ||    56

Table legend:
 A = Non-vault XP
 B = Vault XP
 C = Vault XP percentage of total XP
 D = Non-vault monster count
 E = Vault monster count
 F = Vault count percentage of total count
                 A         B        C        D         E       F
            +---------+---------+-------+---------+---------+-------
      Total |      47 |       3 |   6.0 |      28 |       1 |   3.4
            +---------+---------+-------+---------+---------+-------
        D:1 |      47 |       3 |   6.0 |      28 |       1 |   3.4
            +---------+---------+-------+---------+---------+-------
